 Dungeon Sprint DCSS version 0.24.1-14-gf8d2b509d9 (webtiles) character file.

Game seed: 17121251564980120662, levelgen mode: deterministic

2333 Chiseanne the Unseen (level 9, -7/61 HPs)
             Began as a Spriggan Assassin on June 2, 2020.
             Was a Follower of Fedhas.
             Mangled by a demonic crawler (11 damage)
             ... in the Dungeon (Sprint I: "Red Sonja").
             The game lasted 00:05:44 (305 turns).

Chiseanne the Unseen (Spriggan Assassin)             Turns: 305, Time: 00:05:45

Health: -7/61      AC:  7    Str: 12    XL:     9   Next: 19%
Magic:  10/14      EV: 33    Int: 12    God:    Fedhas [*.....]
Gold:   449        SH:  0    Dex: 21    Spells: 8/8 levels left

rFire    . . .     SeeInvis +   a - +2 short sword (venom)
rCold    . . .     Gourm    .   (shield restricted)
rNeg     . . .     Faith    .   o - +2 robe {MR+}
rPois    .         Spirit   .   (helmet restricted)
rElec    .         Reflect  .   p - scarf {cloud immunity}
rCorr    .         Harm     .   (gloves unavailable)
MR       ++...     NoTele   +   (boots unavailable)
Stlth    ..........             (no amulet)
HPRegen  0.20/turn              q - +3 ring of protection
MPRegen  0.14/turn              (no ring)

@: mighty, berserking, hasted, very quick
A: very small, unfitting armour, see invisible, herbivore, speed 3, slow
metabolism 2
a: Renounce Religion


You were in the Dungeon.
You worshipped Fedhas.
Fedhas was aware of your devotion.
You were not hungry.

You visited 1 branch You collected 839 gold pieces.
You spent 390 gold pieces at shops.

Inventory:

Hand Weapons
 a - a +2 short sword of venom (weapon)
Missiles
 d - 8 poisoned darts (quivered)
 e - 9 curare-tipped darts
Armour
 o - a +2 robe of magic resistance (worn)
 p - a scarf of cloud immunity (worn)
Jewellery
 q - a +3 ring of protection (left hand)
Wands
 m - a wand of random effects (7)
Scrolls
 l - 2 scrolls of blinking
Potions
 c - 2 potions of agility {unknown}
 g - 5 potions of curing
 j - 2 potions of magic
 n - a potion of degeneration {unknown}
Comestibles
 f - a ration


   Skills:
 - Level 1.5 Fighting
 - Level 10.7 Short Blades
 - Level 2.0 Throwing
 * Level 15.3 Dodging
 - Level 19.6 Stealth
 * Level 6.1 Invocations


You had 8 spell levels left.
You didn't know any spells.
Your spell library was empty.

Dungeon Overview and Level Annotations

Branches:
Dungeon (1/1)

Altars:
Cheibriados
Dithmenos
Elyvilon
Fedhas
Gozag
Hepliaklqana
Kikubaaqudgha
Makhleb
Nemelex Xobeh
Okawaru
Qazlal
Ru
Sif Muna
Trog
Uskayaw
Vehumet
Wu Jian
Xom
Yredelemnul
Zin
The Shining One
Jiyva
Lugonu

Shops:
D }*[


Innate Abilities, Weirdness & Mutations

You are very small and have problems with some larger weapons.
You are too small for most types of armour.
You have supernaturally acute eyesight. (SInv)
You are a herbivore.
You cover ground extremely quickly.
You need to consume almost no food.


Message History

The demonic crawler is moderately wounded.
You hit the demonic crawler.
The demonic crawler is heavily wounded.
The demonic crawler hits you but does no damage.
The demonic crawler closely misses you. The demonic crawler hits you! x2
* * * LOW HITPOINT WARNING * * *
The demonic crawler misses you. The demonic crawler closely misses you.
You puncture the demonic crawler!
The demonic crawler looks as sick as possible!
The demonic crawler is severely wounded.
The demonic crawler hits you but does no damage.
The demonic crawler hits you!
* * * LOW HITPOINT WARNING * * *
The demonic crawler completely misses you.
You hit the demonic crawler but do no damage.
The demonic crawler is severely wounded.
The demonic crawler completely misses you. x3
The demonic crawler hits you!
You die...
Fedhas appreciates your contribution to the ecosystem.

###################
#<.#.['s.#.[s..#__#
#..'.s#.)'sP#..'^.'
#ss#####'#####'#__#
#s@####..#...#[####
#..#__####..##.#
#..#_____##'#_.+
#⌠⌠#_.∩...'..._#
####_..__##_.#'##+#
#_____###*#.#.[.
############.####'#
#∩........'...'..†.
###++++####.).#####


You could see 3 demonic crawlers.

Vanquished Creatures
  Sonja (D)
  A deep troll (D)
  2 kobold demonologists (D)
  A slime creature (D)
  Sigmund (D)
  A yak (D)
  A floating eye (D)
  An ogre (D)
  A jelly (D)
  Ijyb (D)
11 creatures vanquished.

Vanquished Creatures (others)
  A gargoyle (D)
1 creature vanquished.

Grand Total: 12 creatures vanquished

Notes
Turn   | Place    | Note
-------+----------+-------------------------------------------
     0 | D        | Chiseanne the Spriggan Assassin began the quest for the
                  | Orb.
     0 | D        | Reached XP level 1. HP: 10/10 MP: 2/2
     1 | D        | Noticed Ijyb
     4 | D        | Killed Ijyb
     4 | D        | Reached skill level 8 in Stealth
     4 | D        | Reached XP level 2. HP: 14/14 MP: 3/3
     7 | D        | Noticed an ogre
    10 | D        | Killed an ogre
    10 | D        | Reached skill level 5 in Short Blades
    10 | D        | Reached skill level 11 in Stealth
    10 | D        | Reached XP level 3. HP: 18/18 MP: 4/4
    10 | D        | Reached XP level 4. HP: 22/22 MP: 5/5
    19 | D        | Noticed Sigmund
    22 | D        | Killed Sigmund
    22 | D        | Reached skill level 14 in Stealth
    22 | D        | Reached XP level 5. HP: 25/25 MP: 6/6
    22 | D        | Reached XP level 6. HP: 30/30 MP: 7/7
    46 | D        | Found an ornate altar of the Wu Jian Council.
    46 | D        | Found a shimmering blue altar of Sif Muna.
    48 | D        | Found a radiant altar of Vehumet.
    78 | D        | Found Udotatar's General Store.
    78 | D        | Found an ancient bone altar of Kikubaaqudgha.
    78 | D        | Found a hazy altar of Hepliaklqana.
    78 | D        | Found a hide-covered altar of Uskayaw.
    78 | D        | Found a basalt altar of Yredelemnul.
    78 | D        | Found an opulent altar of Gozag.
    78 | D        | Found a snail-covered altar of Cheibriados.
    78 | D        | Found a sacrificial altar of Ru.
    78 | D        | Found a shadowy altar of Dithmenos.
    78 | D        | Noticed a yak
    79 | D        | Found a stormy altar of Qazlal.
    79 | D        | Found a blossoming altar of Fedhas.
    79 | D        | Found a bloodstained altar of Trog.
    79 | D        | Found an iron altar of Okawaru.
    79 | D        | Found a glowing golden altar of the Shining One.
    79 | D        | Found a glowing silver altar of Zin.
    79 | D        | Found a white marble altar of Elyvilon.
    80 | D        | Killed a yak
    80 | D        | Reached skill level 10 in Dodging
    80 | D        | Reached skill level 15 in Stealth
    81 | D        | Found a sparkling altar of Nemelex Xobeh.
    84 | D        | Became a worshipper of Fedhas Madash
    86 | D        | Bought a scroll of identify for 26 gold pieces
    86 | D        | Bought a +3 ring of protection for 273 gold pieces
    94 | D        | Maedhros: still goin for it as i see : )
    94 | D        | Noticed Sonja
    98 | D        | Killed Sonja
    98 | D        | Reached skill level 18 in Stealth
    98 | D        | Reached XP level 7. HP: 33/33 MP: 8/8
    98 | D        | Reached XP level 8. HP: 37/37 MP: 9/9
    99 | D        | Chiseanne: its so much fun still. :D
   115 | D        | Found Xyzxob's Gadget Boutique.
   163 | D        | Killed a gargoyle
   166 | D        | Noticed a deep troll
   170 | D        | Killed a deep troll
   170 | D        | Reached skill level 10 in Short Blades
   170 | D        | Reached skill level 19 in Stealth
   180 | D        | Found Oluejos's Armour Emporium.
   186 | D        | Bought a scarf of cloud immunity for 91 gold pieces
   221 | D        | Found a viscous altar of Jiyva.
   221 | D        | Found a corrupted altar of Lugonu.
   221 | D        | Noticed a slime creature
   222 | D        | Found a burning altar of Makhleb.
   222 | D        | Found a shimmering altar of Xom.
   224 | D        | Killed a slime creature
   224 | D        | Reached * piety under Fedhas
   236 | D        | Noticed a kobold demonologist
   237 | D        | Noticed a kobold demonologist
   241 | D        | Killed a kobold demonologist
   241 | D        | Reached XP level 9. HP: 41/41 MP: 10/13
   243 | D        | Killed a kobold demonologist
   243 | D        | Reached ** piety under Fedhas
   243 | D        | Reached skill level 15 in Dodging
   249 | D        | Noticed a demonic crawler
   249 | D        | Noticed a demonic crawler
   249 | D        | Noticed a demonic crawler
   249 | D        | Noticed a demonic crawler
   263 | D        | Chiseanne: shit
   263 | D        | Chiseanne: ok up to this point it was
   305 | D        | Mangled by a demonic crawler

Levels and vault maps discovered:
D:        dungeon_sprint_1 [red_sonja_temple_1, red_sonja_temple_small_1]

Skill      XL: |  1  2  3  4  5  6  7  8  9 |
---------------+----------------------------+-----
Short Blades   | 3 5 7 9 10 | 10.7
Dodging        | 4 6 9 12 14 15 | 15.3
Stealth        | 8 11 14 18 19 | 19.6
Invocations    | 4 6 |  6.1
Fighting       | |  1.5
Throwing       | |  2.0

Action                   |  1- 3 |  4- 6 |  7- 9 || total
-------------------------+-------+-------+-------++-------
Melee: Dagger            |     2 |     4 |       ||     6
       Short sword       |       |       |    19 ||    19
Invok: Wall of Briars    |       |       |     2 ||     2
Evoke: Wand              |       |       |     3 ||     3
  Use: Scroll            |       |     1 |       ||     1
       Potion            |       |       |     4 ||     4
 Stab: Sleeping          |     2 |     4 |     5 ||    11
Armor: Robe              |       |       |     2 ||     2
Dodge: Dodged            |       |       |    59 ||    59
